 Dungeon Crawl Stone Soup version 0.26-a0-597-gb535b0901c (webtiles) character file.

Game seed: 428176849463968982

30634 Fingolfin the Destroyer (level 13, -7/117 HPs)
             Began as a Naga Hedge Wizard on Sept 3, 2020.
             Was a High Priest of Vehumet.
             Mangled by a komodo dragon (19 damage)
             ... on level 1 of the Lair of Beasts on Sept 4, 2020.
             The game lasted 01:08:33 (11780 turns).

Fingolfin the Destroyer (Naga Hedge Wizard)        Turns: 11780, Time: 01:08:33

Health: -7/117     AC: 14    Str: 13    XL:     13   Next: 53%
Magic:  7/24       EV: 12    Int: 24    God:    Vehumet [*****.]
Gold:   209        SH:  5    Dex: 12    Spells: 4/26 levels left

rFire    . . .     SeeInvis +   Y - +5 morningstar (distort)
rCold    . . .     Faith    .   L - +0 buckler
rNeg     + . .     Spirit   .   r - +2 robe {rN+}
rPois    +         Reflect  .   v - +2 helmet
rElec    .         Harm     .   e - +2 cloak
rCorr    .                      (no gloves)
MR       ++...                  (no barding)
Stlth    +++.......             (no amulet)
HPRegen  0.29/turn              u - +6 ring of intelligence
MPRegen  0.19/turn              h - ring of protection from magic

@: very slow
A: large, see invisible, deformed body, poison resistance, slowness 2, spit
poison 1, constrict 1, AC +4
a: Spit Poison, Renounce Religion


You were on level 1 of the Lair of Beasts.
You worshipped Vehumet.
Vehumet was extremely pleased with you.
You visited 2 branches of the dungeon, and saw 12 of its levels.

You collected 845 gold pieces.
You spent 636 gold pieces at shops.

Inventory:

Hand Weapons
 a - a +1 whip of electrocution
 b - a +4 flail of holy wrath
 H - a +2 hand axe of flaming
 N - a +1 short sword of venom
 Y - a +5 morningstar of distortion (weapon)
Missiles
 g - 3 javelins (quivered)
Armour
 e - a +2 cloak (worn)
 r - a +2 robe of positive energy (worn)
 v - a +2 helmet (worn)
 L - a +0 buckler (worn)
Magical Staves
 T - an uncursed staff of cold
Jewellery
 h - a ring of protection from magic (right hand)
 u - a +6 ring of intelligence (left hand)
 x - an uncursed ring of positive energy
 F - an uncursed ring of flight
 O - an uncursed amulet of regeneration
 V - a +4 ring of evasion
Wands
 c - a wand of enslavement (2)
 j - a wand of paralysis (15)
 p - a wand of polymorph (9)
 y - a wand of disintegration (15)
 C - a wand of acid (5)
 K - a wand of iceblast (14)
 U - a wand of flame (17)
Scrolls
 f - 2 scrolls of fog
 k - 3 scrolls of fear
 n - 3 scrolls of immolation
 q - 7 scrolls of teleportation
 s - a scroll of amnesia {unknown}
 t - 4 scrolls of magic mapping
 E - 2 scrolls of blinking
 I - 4 scrolls of remove curse
 J - 2 scrolls of random uselessness {unknown}
 P - 2 scrolls of enchant armour
 S - 2 scrolls of summoning {unknown}
 Z - 3 scrolls of torment
Potions
 d - a potion of invisibility {unknown}
 i - 2 potions of haste
 l - 3 potions of ambrosia
 m - a potion of resistance {unknown}
 o - 5 potions of curing
 z - 2 potions of mutation
 A - a potion of flight
 B - 4 potions of lignification
 D - 2 potions of heal wounds {unknown}
 G - a potion of might {unknown}
 M - 2 potions of cancellation {unknown}
 Q - a potion of degeneration {unknown}
 X - 2 potions of brilliance {unknown}


   Skills:
 - Level 7.6 Fighting
 - Level 6.0 Maces & Flails
 - Level 5.2 Armour
 - Level 5.5 Dodging
 - Level 6.5 Stealth
 - Level 3.9 Shields
 + Level 7.4 Spellcasting
 - Level 10.0 Conjurations
 - Level 5.0 Summonings
 - Level 2.0 Translocations
 - Level 2.0 Fire Magic
 - Level 5.0 Ice Magic
 - Level 5.0 Air Magic
 - Level 2.0 Poison Magic
 - Level 6.0 Evocations


You had 4 spell levels left.
You knew the following spells:

 Your Spells              Type           Power        Failure   Level
a - Magic Dart            Conj           ####         1%          1
b - Blink                 Tloc           N/A          4%          2
c - Conjure Flame         Conj/Fire      #####...     1%          3
d - Mephitic Cloud        Conj/Pois/Air  #####...     1%          3
e - Summon Ice Beast      Ice/Summ       ####....     9%          4
f - Summon Lightning Spi  Summ/Air       ####....     9%          4
g - Irradiate             Conj/Tmut      ####......   7%          5

Your spell library contained the following spells:

 Spells                   Type           Power        Failure   Level
 Summon Small Mammal      Summ           ####         1%          1
 Call Imp                 Summ           ####....     1%          2
 Poisonous Vapours        Pois/Air       ####..       2%          2
 Call Canine Familiar     Summ           ####....     2%          3
 Ignite Poison            Fire/Tmut/Pois ###.....     3%          3
 Inner Flame              Hex/Fire       ##......     4%          3
 Corona                   Hex            #......      7%          1
 Summon Guardian Golem    Hex/Summ       ###.....     8%          3
 Slow                     Hex            #.......     11%         2
 Portal Projectile        Hex/Tloc       ##....       14%         3
 Cause Fear               Hex            #.........   56%         4
 Leda's Liquefaction      Hex/Erth       #.........   56%         4
 Fireball                 Conj/Fire      #####.....   4%          5
 Freezing Cloud           Conj/Ice/Air   #####.....   17%         6
 Starburst                Conj/Fire      #####.....   22%         6
 Ignition                 Fire           ###.......   100%        8


Dungeon Overview and Level Annotations

Branches:
Dungeon (11/15)            Temple (0/1) D:6            Lair (1/6) D:11
    Orc (0/2) D:9

Altars:
Fedhas
Hepliaklqana
Makhleb
Vehumet
Wu Jian
The Shining One

Shops:
D:9 !


Innate Abilities, Weirdness & Mutations

You cannot wear boots.
Your serpentine skin is tough. (AC +4)
You have supernaturally acute eyesight. (SInv)
Armour fits poorly on your strangely shaped body.
Your system is resistant to poisons. (rPois)
You cover ground very slowly.
You can spit poison.
You can use your snake-like lower body to constrict enemies.


Message History

You see here a yak corpse.
Unknown command.
You hit the komodo dragon.
Space bends around the komodo dragon.
You grab the komodo dragon.
The komodo dragon is lightly wounded.
You constrict the komodo dragon, but do no damage.
Your komodo dragon bites the komodo dragon!
The komodo dragon misses you.
Your komodo dragon bites the komodo dragon.
You hit the komodo dragon.
Space bends around the komodo dragon.
The komodo dragon is severely wounded.
You constrict the komodo dragon. The komodo dragon bites you!!
* * * LOW HITPOINT WARNING * * *
Your komodo dragon bites the komodo dragon!
You hit the komodo dragon but do no damage.
The komodo dragon is almost dead.
The komodo dragon struggles to blink free from constriction.
You constrict the komodo dragon, but do no damage.
The komodo dragon bites you!!
You die...

..PPP.......
...$.......#
.).........#
...........
..........
.........#
.......††###
#......l@.#
.....###l#.#
#.#
####.$###
#.......#
#..#....#
##.....#.#
#........#
##..#.#..#
#....#..#


You could see a komodo dragon and a friendly komodo dragon (charmed).

Vanquished Creatures
  Harold (D:7)
  A two-headed ogre (D:10)
  Pikel (D:6)
  Maggie (D:7)
  A troll (D:10)
  Grinder (D:5)
  Sigmund (D:2)
  5 yaks
  A wyvern (D:8)
  A basilisk (D:11)
  A vampire (D:11)
  Eustachio (D:6)
  A steam dragon (D:7)
  Edmund (D:5)
  A water moccasin (Lair:1)
  4 orc warriors
  2 porcupines
  5 sky beasts
  2 necrophages
  2 ice beasts
  9 ogres
  2 black bears
  2 phantoms
  6 centaurs
  2 lemures (D:6)
  3 crocodiles (Lair:1)
  A big kobold (D:7)
  A gnoll sergeant (D:10)
  Blork the orc (D:6)
  3 bullfrogs
  2 wyvern zombies
  6 scorpions
  8 wights
  A howler monkey (D:6)
  3 bullfrog zombies
  2 centaur skeletons
  7 hounds
  6 orc priests
  3 jellies
  Crazy Yiuf (D:6)
  A bullfrog skeleton (D:4)
  11 orc wizards
  Jessica (D:2)
  3 iguanas
  9 worker ants
  4 hound skeletons
  A worker ant zombie (D:7)
  4 gnolls
  9 adders
  2 river rats (D:5)
  2 shadow imps (D:5)
  3 white imps
  2 ufetubi
  2 oozes
  3 adder skeletons
  4 worms
  5 dart slugs
  4 leopard geckos
  39 orcs
  8 giant cockroaches
  4 hobgoblins
  9 jackals
  11 kobolds
  4 quokkas
  2 ball pythons
  9 bats
  4 frilled lizards
  3 goblins (D:1)
  A leopard gecko skeleton (D:8)
  A leopard gecko zombie (D:5)
  9 rats
277 creatures vanquished.

Vanquished Creatures (collateral kills)
  A two-headed ogre (D:9)
  2 cane toads (Lair:1)
  2 slime creatures (D:11)
  A wyvern (D:11)
  4 yaks
  A basilisk (D:11)
  A wraith (D:11)
  A steam dragon (D:7)
  An acid dragon (D:11)
  A porcupine (D:11)
  A phantom (D:9)
  3 crocodiles
  An orc wizard (D:10)
  A hound (D:11)
  3 gnolls (D:11)
  An orc (D:10)
25 creatures vanquished.

Vanquished Creatures (others)
  2 fungi
  21 plants
23 creatures vanquished.

Grand Total: 325 creatures vanquished

Notes
Turn   | Place    | Note
-------+----------+-------------------------------------------
     0 | D:1      | Fingolfin the Naga Hedge Wizard began the quest for the
                  | Orb.
     0 | D:1      | Reached XP level 1. HP: 15/15 MP: 4/4
   140 | D:1      | Reached skill level 1 in Fighting
   235 | D:1      | Reached XP level 2. HP: 25/25 MP: 1/6
   286 | D:1      | Learned a level 2 spell: Blink
   707 | D:1      | Reached XP level 3. HP: 23/32 MP: 0/7
   792 | D:1      | Learned a level 3 spell: Conjure Flame
  1011 | D:2      | Noticed Jessica
  1282 | D:2      | Killed Jessica
  1282 | D:2      | Reached XP level 4. HP: 39/39 MP: 4/8
  1316 | D:2      | Found an ornate altar of the Wu Jian Council.
  1476 | D:2      | Learned a level 3 spell: Mephitic Cloud
  1644 | D:2      | Noticed Sigmund
  1671 | D:2      | Killed Sigmund
  1671 | D:2      | Reached skill level 2 in Conjurations
  1671 | D:2      | Reached skill level 1 in Fire Magic
  1671 | D:2      | Reached skill level 1 in Air Magic
  1671 | D:2      | Reached XP level 5. HP: 25/48 MP: 3/11
  1671 | D:2      | Reached XP level 6. HP: 29/55 MP: 3/12
  2092 | D:2      | Found a blossoming altar of Fedhas.
  3416 | D:3      | Found a hazy altar of Hepliaklqana.
  3416 | D:3      | Found a radiant altar of Vehumet.
  3422 | D:3      | Became a worshipper of Vehumet
  3626 | D:4      | Reached skill level 1 in Maces & Flails
  3626 | D:4      | Reached XP level 7. HP: 54/62 MP: 10/13
  3762 | D:4      | Reached skill level 3 in Conjurations
  4209 | D:4      | Reached skill level 4 in Conjurations
  4467 | D:4      | Reached XP level 8. HP: 64/72 MP: 9/14
  4704 | D:5      | Entered Level 5 of the Dungeon
  4704 | D:5      | Noticed Grinder
  4721 | D:5      | Killed Grinder
  4721 | D:5      | Reached skill level 5 in Conjurations
  4966 | D:5      | Found a glowing golden altar of the Shining One.
  4987 | D:5      | Reached skill level 6 in Conjurations
  4987 | D:5      | Reached skill level 1 in Evocations
  5240 | D:5      | Noticed Edmund
  5249 | D:5      | Killed Edmund
  5249 | D:5      | Reached skill level 7 in Conjurations
  5249 | D:5      | Reached XP level 9. HP: 75/78 MP: 3/15
  5276 | D:5      | Reached * piety under Vehumet
  5276 | D:5      | Offered knowledge of Foxfire by Vehumet.
  5284 | D:5      | Found a glowing drain.
  5799 | D:6      | Found a staircase to the Ecumenical Temple.
  5811 | D:6      | Learned a level 4 spell: Summon Ice Beast
  5871 | D:6      | Noticed Pikel
  5895 | D:6      | Killed Pikel
  5895 | D:6      | Reached skill level 5 in Spellcasting
  5924 | D:6      | Reached skill level 8 in Conjurations
  5924 | D:6      | Reached skill level 5 in Evocations
  5995 | D:6      | Noticed Eustachio
  6004 | D:6      | Killed Eustachio
  6052 | D:6      | Reached ** piety under Vehumet
  6052 | D:6      | Offered knowledge of Sandblast by Vehumet.
  6197 | D:6      | Found a runed translucent door.
  6198 | D:6      | Noticed Crazy Yiuf
  6206 | D:6      | Killed Crazy Yiuf
  6269 | D:6      | Noticed Blork the orc
  6280 | D:6      | Killed Blork the orc
  6625 | D:6      | Reached skill level 1 in Shields
  6866 | D:6      | Reached XP level 10. HP: 85/85 MP: 18/18
  7086 | D:7      | Reached skill level 1 in Ice Magic
  7267 | D:7      | Noticed Harold
  7285 | D:7      | Killed Harold
  7510 | D:7      | Noticed Maggie
  7523 | D:7      | Killed Maggie
  7888 | D:8      | Found a burning altar of Makhleb.
  8058 | D:8      | Reached skill level 9 in Conjurations
  8247 | D:8      | Offered knowledge of Dazzling Flash by Vehumet.
  8253 | D:8      | Learned a level 4 spell: Summon Lightning Spire
  8466 | D:9      | Noticed a two-headed ogre
  8477 | D:9      | Killed a two-headed ogre
  8548 | D:9      | Found a staircase to the Orcish Mines.
  8811 | D:9      | Reached *** piety under Vehumet
  8966 | D:9      | Reached skill level 5 in Maces & Flails
  8985 | D:9      | Found Buqyische's Distillery.
  9002 | D:9      | Reached XP level 11. HP: 92/92 MP: 18/20
  9210 | D:9      | Offered knowledge of Frozen Ramparts by Vehumet.
  9281 | D:9      | Bought a potion of experience for 600 gold pieces
  9281 | D:9      | Reached XP level 12. HP: 106/106 MP: 21/21
  9282 | D:9      | Reached skill level 5 in Armour
  9282 | D:9      | Reached skill level 5 in Dodging
  9282 | D:9      | Gained mutation: You can use your snake-like lower body to
                  | constrict enemies. [Naga growth]
  9282 | D:9      | Reached XP level 13. HP: 117/117 MP: 22/22
  9283 | D:9      | Bought a potion of flight for 36 gold pieces
  9895 | D:10     | Entered Level 10 of the Dungeon
 10317 | D:10     | Reached **** piety under Vehumet
 10348 | D:10     | Offered knowledge of Irradiate by Vehumet.
 10469 | D:10     | Learned a level 5 spell: Irradiate
 10849 | D:11     | Reached skill level 5 in Summonings
 11039 | D:11     | Reached skill level 5 in Ice Magic
 11131 | D:11     | Found a staircase to the Lair.
 11303 | D:11     | Reached skill level 10 in Conjurations
 11500 | D:11     | Reached skill level 5 in Air Magic
 11552 | Lair:1   | Entered Level 1 of the Lair of Beasts
 11768 | Lair:1   | Reached ***** piety under Vehumet
 11780 | Lair:1   | Mangled by a komodo dragon

Illustrated notes

Levels and vault maps discovered:
D:1:      dpeg_arrival_rooms_c, layout_basic
D:2:      layout_loops_cross, fedhas_altar_4, nicolae_overflow_crystal_walls,
          uniq_sigmund, uniq_jessica
D:3:      layout_basic, gammafunk_temple_overflow_elements
D:4:      cheibrodos_helix_gallery, layout_basic
D:5:      layout_loops_ring, tso_metal_star, portal_sewer_entry_a,
          serial_bayou_pond_b, kennysheep_generic_room_13, uniq_edmund,
          uniq_grinder
D:6:      layout_basic, minmay_temple_entry_mini_moons, uniq_crazy_yiuf_cottage,
          uniq_blork_the_orc, uniq_eustachio, uniq_pikel
D:7:      cheibrodos_steamvent, layout_basic, uniq_harold, uniq_maggie
D:8:      layout_loops_ring, makhleb_heckhound_becter, minivault_26
D:9:      layout_grid_maze, orc_0_dummy, serial_shops, nicolae_shop_behind_doors
D:10:     layout_loops_ring
D:11:     layout_small_grid, minmay_lair_entry_grove
Lair:1:   layout_loops_ring, special_room [special_room_bee],
          nicolae_volcano_entry_s_turn, minmay_lair_oklob_bushes,
          beast_lair_carwin_2

Skill      XL: |  1  2  3  4  5  6  7  8  9 10 11 12 13 |
---------------+----------------------------------------+-----
Fighting       | 1 2 3 4 6 7 |  7.6
Spellcasting   | 4 5 6 7 |  7.4
Conjurations   | 2 4 7 8 9 10 | 10.0
Translocations | 2 |  2.0
Fire Magic     | 1 2 |  2.0
Air Magic      | 1 2 3 5 |  5.0
Poison Magic   | 2 |  2.0
Maces & Flails | 1 3 4 5 6 |  6.0
Evocations     | 3 5 6 |  6.0
Shields        | 1 2 3 |  3.9
Ice Magic      | 4 5 |  5.0
Summonings     | 4 5 |  5.0
Armour         | 4 5 |  5.2
Dodging        | 4 5 |  5.5
Stealth        | 6 |  6.5

Action                   |  1- 3 |  4- 6 |  7- 9 | 10-12 | 13-15 || total
-------------------------+-------+-------+-------+-------+-------++-------
Melee: Dagger            |     4 |    20 |       |       |       ||    24
       Whip              |       |    24 |   145 |    25 |       ||   194
       Flail             |       |       |    15 |       |       ||    15
       Morningstar       |       |       |       |    74 |   150 ||   224
       Constrict         |       |       |       |       |    31 ||    31
Throw: Javelin           |       |       |       |     2 |       ||     2
 Cast: Magic Dart        |    42 |    94 |   149 |   114 |    48 ||   447
       Mephitic Cloud    |       |     3 |    13 |     9 |     5 ||    30
       Conjure Flame     |       |       |    11 |     7 |     6 ||    24
       Summon Ice Beast  |       |       |       |     3 |    24 ||    27
       Summon Lightning  |       |       |       |     3 |    20 ||    23
 Abil: Spit Poison       |    20 |    41 |    52 |    27 |    17 ||   157
Evoke: Wand              |       |       |     2 |       |     3 ||     5
  Use: Scroll            |       |       |    10 |     7 |     7 ||    24
       Potion            |       |       |       |     2 |       ||     2
 Stab: Confused          |       |     1 |     3 |     3 |     1 ||     8
       Sleeping          |       |       |     2 |       |     7 ||     9
       Distracted        |       |       |     1 |     1 |     4 ||     6
Armor: Robe              |     1 |    15 |    43 |    25 |    39 ||   123
Dodge: Dodged            |    15 |    31 |    73 |    66 |    74 ||   259
Block: Buckler           |       |       |     1 |    14 |    29 ||    44

Table legend: (Time is in decaauts)
 A = Elapsed time spent in this place.
 B = Non-inter-level travel time spent in this place.
 C = Inter-level travel time spent in this place.
 D = Time resting spent in this place.
 E = Time spent auto-exploring this place.
 F = Levels seen in this place.
 G = Mean time per level.
                   A        B        C        D        E       F      G
               +--------+--------+--------+--------+--------+-----+--------+
         Total |  14663 |  14131 |    532 |   2936 |   8307 |  12 | 1221.9 |
       Dungeon |  14367 |  13835 |    532 |   2925 |   8242 |  11 | 1306.1 |
          Lair |    296 |    296 |      0 |     11 |     65 |   1 |  296.0 |
               +--------+--------+--------+--------+--------+-----+--------+

Top non-repeatable levels by time:
     D:9: 1931 daAuts
     D:4: 1476 daAuts
     D:2: 1450 daAuts
     D:1: 1442 daAuts
     D:6: 1414 daAuts
     D:5: 1334 daAuts
     D:3: 1301 daAuts
    D:10: 1157 daAuts
     D:7: 1066 daAuts
    D:11: 939 daAuts
     D:8: 852 daAuts
  Lair:1: 296 daAuts
